 Dungeon Crawl Stone Soup version 0.32-a0-699-g1ee5eff69a (webtiles) character file.

Game seed: 6757374385241745029

74559 tilp the Carver (level 15, -13/98 (119) HPs)
             Began as a Vampire Enchanter on Mar 13, 2024.
             Was the Champion of Wu Jian.
             Mangled by Rupert
             ... wielding a +0 great mace of draining
              (28 damage)
             ... on level 13 of the Dungeon.
             The game lasted 00:51:44 (28751 turns).

tilp the Carver (Vampire Enchanter)                Turns: 28751, Time: 00:51:44

HP:   -13/98 (119)  AC: 18    Str:  7    XL:     15   Next: 7%
MP:   10/27         EV: 13    Int: 30    God:    Wu Jian [******]
Gold: 678           SH:  5    Dex: 16    Spells: 12/30 levels left

rFire   + . .        a - +3 dagger (venom)
rCold   + . .        d - +0 buckler
rNeg    . . .        L - +2 leather armour {rC+ rF+}
rPois   +            n - +2 helmet
rElec   .            t - +2 cloak
rCorr   .            e - +2 pair of gloves
SInv    +            A - +2 pair of boots
Will    +....        T - amulet of the acrobat
Stlth   +++++        O - ring of poison resistance
HPRegen 0.56/turn    C - +6 ring of intelligence
MPRegen 0.20/turn

%: acrobat
@: confusing by touch, healing quickly, studying 2 skills, heavily drained
A: alive, fangs 3, see invisible, vampiric 2
a: Exsanguinate, Renounce Religion, Wall Jump, Serpent's Lash, Heavenly Storm


You were on level 13 of the Dungeon.
You worshipped Wu Jian.
Wu Jian was exalted by your worship.
You visited 4 branches of the dungeon, and saw 21 of its levels.
You also visited: Sewer, Bailey and Ice Cave.

You collected 2262 gold pieces.
You spent 1584 gold pieces at shops.

Inventory:

Hand Weapons
 a - a +3 dagger of venom (weapon)
 b - a +3 scimitar of draining
 J - a +3 dagger
Missiles
 i - 82 poisoned darts (quivered)
 v - 10 atropa-tipped darts
 x - 3 curare-tipped darts {!f}
 M - 16 boomerangs
 Q - 10 javelins
Armour
 d - a +0 buckler (worn)
 e - a +2 pair of gloves (worn)
 n - a +2 helmet (worn)
 r - a +2 robe of resistance
 t - a +2 cloak (worn)
 A - a +2 pair of boots (worn)
 D - a +0 crystal plate armour of cold resistance
 L - a +2 leather armour of resistance (worn)
 P - the +7 scale mail of Laeluk {SInv}
   (You found it in an ice cave)

   SInv:      It lets you see invisible.
 W - a +3 ring mail
Jewellery
 C - a +6 ring of intelligence (right hand)
 O - a ring of poison resistance (left hand)
 T - an amulet of the acrobat (around neck)
 U - a ring of willpower
 X - a ring of fire
Wands
 o - a wand of polymorph (41)
 y - a wand of paralysis (11)
 z - a wand of light (8)
 I - a wand of iceblast (3)
 N - a wand of flame (9)
Scrolls
 l - 5 scrolls of identify
 p - 4 scrolls of teleportation
 w - a scroll of revelation
 B - a scroll of poison
 H - 3 scrolls of fear
 K - 7 scrolls of fog
 R - a scroll of vulnerability
 V - 2 scrolls of enchant weapon
 Y - 5 scrolls of enchant armour
Potions
 c - 2 potions of invisibility
 f - 8 potions of curing
 g - 3 potions of might
 h - 2 potions of attraction
 j - 3 potions of enlightenment
 k - a potion of mutation
 m - 3 potions of berserk rage
 q - a potion of resistance
 s - 5 potions of heal wounds
 u - 6 potions of haste
 E - a potion of lignification
 F - a potion of ambrosia
 G - 3 potions of cancellation
 S - a potion of brilliance


   Skills:
 * Level 11.4 Fighting
 - Level 5.4(11.0) Short Blades
 - Level 13.6(14.0) Long Blades
 - Level 4.0 Armour
 + Level 7.8 Dodging
 + Level 13.6 Stealth
 + Level 5.6 Shields
 + Level 8.0 Spellcasting
 + Level 13.3 Hexes
 - Level 4.0 Translocations
 + Level 5.8 Evocations


You had 12 spell levels left.
You knew the following spells:

 Your Spells              Type           Power      Damage    Failure   Level
a - Ensorcelled Hibernat  Hex/Ice        100%       N/A       1%          2
b - Confusing Touch       Hex            75%        N/A       1%          3
c - Tukima's Dance        Hex            75%        N/A       1%          3
d - Dazzling Flash        Conj/Hex       100%       N/A       1%          3
e - Blink                 Tloc           72%        N/A       2%          2
f - Summon Mana Viper     Hex/Summ       51%        N/A       17%         5

Your spell library contained the following spells:

 Spells                   Type           Power      Damage    Failure   Level
 Apportation              Tloc           72%        N/A       1%          1
 Jinxbite                 Hex            100%       N/A       1%          2
 Lesser Beckoning         Tloc           72%        N/A       2%          2
 Momentum Strike          Conj/Tloc      48%        3d9       6%          2
 Kiss of Death            Conj/Necr      48%        2d9       10%         1
 Necrotise                Necr           48%        1d6       10%         1
 Sting                    Conj/Alch      48%        1d6       10%         1
 Summon Small Mammal      Summ           48%        N/A       10%         1
 Volatile Blastmotes      Fire/Tloc      48%        2d14      12%         3
 Cigotuvi's Dreadful Rot  Necr/Alch/Air  24%        N/A       14%         2
 Mercury Vapours          Alch/Air       24%        N/A       14%         2
 Sublimation of Blood     Necr           12%        N/A       14%         2
 Silence                  Hex/Air        25%        N/A       17%         5
 Hailstorm                Conj/Ice       12%        3d6       28%         3
 Mephitic Cloud           Conj/Alch/Air  12%        N/A       28%         3
 Summon Ice Beast         Ice/Summ       12%        N/A       28%         3
 Iskenderun's Mystic Bla  Conj/Tloc      24%        2d7       38%         4
 Dispel Undead            Necr           12%        3d9       67%         4
 Fulminant Prism          Conj/Alch      6%         3d7       67%         4
 Martyr's Knell           Necr/Summ      12%        N/A       67%         4
 Petrify                  Alch/Erth      12%        N/A       67%         4
 Alistair's Intoxication  Alch           8%         N/A       95%         5
 Curse of Agony           Necr           12%        N/A       95%         5
 Freezing Cloud           Conj/Ice/Air   6%         6-21      95%         5
 Irradiate                Conj/Alch      6%         3d13      95%         5
 Iskenderun's Battlesphe  Conj           12%        2d7       95%         5
 Bombard                  Conj/Erth      6%         9d2       100%        6
 Permafrost Eruption      Ice/Erth       6%         2x4d3     100%        6
 Sculpt Simulacrum        Ice/Alch       6%         N/A       100%        6
 Monstrous Menagerie      Summ           6%         N/A       100%        7
 Spellforged Servitor     Conj/Summ      6%         N/A       100%        7
 Infestation              Necr           6%         N/A       100%        8


Dungeon Overview and Level Annotations

Branches:
Dungeon (13/15)            Temple (1/1) D:6            Lair (5/5) D:9
  Swamp (0/4) Lair:3       Spider (0/4) Lair:2        Slime (0/5) Lair:5
    Orc (2/2) D:11            Elf (0/3) Orc:2         Sewer (visited)
 Bailey (visited)           IceCv (visited)
 Vaults: D:13-14

Altars:
Ashenzari
Cheibriados
Dithmenos
Fedhas
Gozag
Hepliaklqana
Kikubaaqudgha
Makhleb
Nemelex Xobeh
Okawaru
Qazlal
Ru
Sif Muna
Trog
Uskayaw
Vehumet
Wu Jian
Xom
Yredelemnul
Jiyva
Lugonu

Shops:
D:7 :   D:8 (   Orc:2 (!?(

Portals:
Abyss: Lair:5

Annotations:
D:12 3 runed translucent doors, Winter's ghost, journeyman MDFi
D:13 Rupert


Innate Abilities, Weirdness & Mutations

Your natural rate of healing is accelerated.
You have razor-sharp teeth.
You have supernaturally acute eyesight. (SInv)
You are afflicted with vampirism and can become a bat while bloodless.


Message History

Casting: Dazzling Flash (safe; 1% risk of failure)
Press: ? - help, Dir - look around, f - activate Rupert hits you with a +0 great mace of draining!
You feel drained.
Unknown command.
Unknown command.
Casting: Dazzling Flash (safe; 1% risk of failure)
Confirm with . or Enter, or press ? or * to list all spells.
Casting: Dazzling Flash (safe; 1% risk of failure)
Press: ? - help, Dir - look around, f - activate Rupert roars madly and goes into a rage!
Rupert goes berserk!
Unknown command.
Unknown command.
Casting: Dazzling Flash (safe; 1% risk of failure)
Confirm with . or Enter, or press ? or * to list all spells.
Your hands begin to glow red.
Rupert closely misses you.
Unknown command.
You barely miss Rupert.
Rupert hits you with a +0 great mace of draining!!
You feel drained.
You barely miss Rupert.
Rupert hits you with a +0 great mace of draining!!
You feel drained.
You hit Rupert but do no damage.
Rupert hits you with a +0 great mace of draining!!
* * * LOW HITPOINT WARNING * * *
You feel drained.
* * * LOW HITPOINT WARNING * * *
You hit Rupert but do no damage. You block Rupert's attack.
You hit Rupert but do no damage.
Rupert hits you with a +0 great mace of draining!
* * * LOW HITPOINT WARNING * * *
You feel drained.
* * * LOW HITPOINT WARNING * * *
You hit Rupert but do no damage. You bite Rupert.
Rupert is lightly wounded.
Rupert hits you with a +0 great mace of draining!!
You die...
Rupert roars with triumph.

#. ##.## .####...#
......#.# #...####
##.....#
#.###.##########
..#.#####.###...........
......@@...#############
..#.#####..# ......
#..#### #..# ###### #..#
#..... #..# #.#### ..J


You could see Rupert (berserk).

Vanquished Creatures
  A frost giant (IceCv)
  Fannar (Lair:1)
  2 catoblepae
  2 boulder beetles
  4 death yaks (IceCv)
  5 hydras
  3 two-headed ogres
  2 thrashing horrors (Lair:5)
  2 orc high priests
  Urug (Lair:5)
  A skyshark (Lair:5)
  2 skeletal warriors (D:12)
  An orb spider (Lair:2)
  A deep elf pyromancer (D:12)
  Pikel (D:8)
  2 orc knights (Bailey)
  2 ugly things
  4 orc sorcerers (Orc:2)
  12 elephants
  3 cyclopes
  5 black mambas
  A kobold blastminer (Orc:2)
  An ice statue (IceCv)
  2 unseen horrors
  3 large abominations (Lair:5)
  A gargoyle (D:12)
  14 cane toads
  4 rime drakes
  10 komodo dragons
  6 trolls
  14 polar bears
  A raiju (Lair:5)
  7 dream sheep (Lair:3)
  18 blink frogs
  A vampire (D:11)
  8 wyverns
  3 ynoxinuls (Lair:5)
  63 yaks
  2 hogs (Lair:5)
  2 wargs
  2 steam dragons
  4 basilisks
  5 vampire mosquitoes
  4 chaos spawn (Lair:5)
  Edmund (D:6)
  A swamp worm (Lair:3)
  Duvessa (D:7)
  8 water moccasins
  A swamp drake (D:11)
  A sky beast (D:7)
  23 orc warriors
  An ice beast (D:7)
  2 black bears (D:5)
  28 wolves
  6 ogres
  2 centaurs
  A lemure (D:8)
  9 kobold brigands
  2 gnoll sergeants
  7 bullfrogs
  A scorpion (D:4)
  5 small abominations (Lair:5)
  Dowan (D:7)
  7 killer bees
  3 howler monkeys (D:9)
  An electric eel (D:9)
  A bombardier beetle (D:4)
  2 gnoll boudas
  5 hounds
  4 jellies
  23 orc priests
  Crazy Yiuf (D:2)
  36 orc wizards
  Natasha (thrice) (D:3)
  4 iguanas
  11 hell rats
  Robin (D:3)
  20 gnolls
  10 adders
  6 river rats (Sewer)
  2 shadow imps
  A white imp (D:7)
  3 ribbon worms
  69 orcs
  6 endoplasms
  4 giant cockroaches
  21 goblins
  6 hobgoblins
  4 jackals (D:4)
  56 kobolds
  3 quokkas (D:1)
  17 ball pythons
  8 bats
  7 frilled lizards
  22 rats
701 creatures vanquished.

Vanquished Creatures (collateral kills)
  An orc high priest (Orc:2)
  2 skeletal warriors (D:12)
  A kobold blastminer (Orc:2)
  Maggie (D:6)
  A polar bear (IceCv)
  Sigmund (D:6)
  A spriggan (Lair:5)
  A yak (IceCv)
  A wolf (Lair:5)
  A gnoll (D:5)
  An orc (Orc:2)
12 creatures vanquished.

Vanquished Creatures (others)
  Kirke (Lair:5)
  2 dancing weapons
  3 humans (Lair:5)
  A water moccasin (Lair:5)
7 creatures vanquished.

Grand Total: 720 creatures vanquished

Notes
Turn   | Place    | Note
-------+----------+-------------------------------------------
     0 | D:1      | tilp the Vampire Enchanter began the quest for the Orb.
     0 | D:1      | Reached XP level 1. HP: 13/13 MP: 3/3
   173 | D:1      | Reached XP level 2. HP: 20/20 MP: 5/5
   176 | D:1      | Learned a level 2 spell: Ensorcelled Hibernation
   590 | D:1      | Gained mutation: You are afflicted with vampirism and can
                  | become a bat while bloodless. [Vampire growth]
   590 | D:1      | Reached XP level 3. HP: 25/25 MP: 6/6
   594 | D:1      | Learned a level 3 spell: Confusing Touch
   746 | D:2      | Reached skill level 1 in Fighting
  1112 | D:2      | Found a runed translucent door.
  1113 | D:2      | Noticed Crazy Yiuf
  1807 | D:2      | Reached XP level 4. HP: 32/32 MP: 4/7
  1969 | D:2      | Reached skill level 1 in Long Blades
  1969 | D:2      | Reached skill level 5 in Stealth
  2154 | D:3      | Noticed Robin
  2285 | D:3      | Killed Robin
  2537 | D:3      | Noticed Natasha
  2544 | D:3      | Killed Natasha
  2545 | D:3      | Reached skill level 1 in Shields
  2545 | D:3      | Reached XP level 5. HP: 38/38 MP: 5/8
  2679 | D:3      | Reached skill level 5 in Hexes
  2779 | D:3      | Noticed Natasha
  3095 | D:3      | Killed Natasha
  3101 | D:3      | Noticed Natasha
  3115 | D:3      | Killed Natasha
  3226 | D:2      | Killed Crazy Yiuf
  3413 | D:4      | Learned a level 3 spell: Tukima's Dance
  3451 | D:4      | Reached XP level 6. HP: 44/44 MP: 4/9
  3680 | D:4      | Found an iron altar of Okawaru.
  4281 | D:5      | Entered Level 5 of the Dungeon
  4579 | D:5      | Reached XP level 7. HP: 51/51 MP: 8/11
  4992 | D:5      | Found a sparkling altar of Nemelex Xobeh.
  4992 | D:5      | Found a sacrificial altar of Ru.
  5111 | D:5      | Reached skill level 1 in Evocations
  5668 | D:6      | Noticed Sigmund
  5672 | D:6      | Noticed Maggie
  5745 | D:6      | Noticed a two-headed ogre
  5765 | D:6      | Killed Sigmund
  5766 | D:6      | Reached XP level 8. HP: 58/58 MP: 3/12
  5768 | D:6      | Killed Maggie
  5776 | D:6      | Killed a two-headed ogre
  5777 | D:6      | Reached skill level 5 in Short Blades
  5840 | D:6      | Reached XP level 9. HP: 66/66 MP: 6/14
  5841 | D:6      | Found a glowing drain.
  5889 | Sewer    | Entered a sewer
  7111 | D:6      | Learned a level 3 spell: Dazzling Flash
  7159 | D:6      | Identified the +8 spear of Qitwoek Neop {freeze, rPois
                  | Dex+3}
  7439 | D:6      | Found a staircase to the Ecumenical Temple.
  7445 | D:6      | Noticed Edmund
  7452 | D:6      | Killed Edmund
  7469 | Temple   | Entered the Ecumenical Temple
  7478 | Temple   | Became a worshipper of the Wu Jian Council
  7619 | D:7      | Reached skill level 5 in Fighting
  7691 | D:7      | Found a flagged portal.
  7710 | D:7      | Learned a level 2 spell: Blink
  7721 | Bailey   | Entered a bailey
  7870 | Bailey   | Reached * piety under Wu Jian
  7946 | Bailey   | Noticed an orc knight
  7946 | Bailey   | Noticed an orc knight
  7956 | Bailey   | Noticed an orc knight
  7960 | Bailey   | Reached skill level 1 in Armour
  7971 | Bailey   | Reached skill level 5 in Dodging
  8070 | Bailey   | Killed an orc knight
  8071 | Bailey   | Reached skill level 1 in Translocations
  8075 | Bailey   | Killed an orc knight
  8076 | Bailey   | Reached XP level 10. HP: 70/74 MP: 13/16
  8100 | Bailey   | Identified the +7 great mace of Ajuaray {protect, *Rage rF+
                  | Int+4 Dex+4}
  8102 | Bailey   | Identified the +0 pair of boots "Cyupp" {-Tele rN+ Str+3}
  8380 | D:7      | Found Soidin's Vocational Training.
  8658 | D:7      | Noticed Duvessa
  8658 | D:7      | Noticed Dowan
  8689 | D:7      | Killed Dowan
  8693 | D:7      | Killed Duvessa
  9215 | D:8      | Found an opulent altar of Gozag.
  9269 | D:8      | Found Ysholoh's Weapon Shoppe.
  9290 | D:8      | Identified the +8 trident of the Thoughtful Tales {holy,
                  | rC+ rN+ rCorr}
  9338 | D:8      | Reached ** piety under Wu Jian
  9779 | D:8      | Noticed Pikel
  9786 | D:8      | Killed Pikel
  9999 | D:9      | Reached skill level 5 in Long Blades
 10058 | D:9      | Identified the +0 trident "Lovuykon" {drain, *Rage *Noise
                  | Fly Will++}
 10159 | D:9      | Found a snail-covered altar of Cheibriados.
 10159 | D:9      | Found an ancient bone altar of Kikubaaqudgha.
 10220 | D:9      | Reached skill level 5 in Spellcasting
 10282 | D:9      | Reached *** piety under Wu Jian
 10343 | D:9      | Found a staircase to the Lair.
 10650 | D:9      | Got the Tome of Haze and Despair
 10921 | D:9      | Reached XP level 11. HP: 60/83 MP: 3/18
 11264 | D:10     | Entered Level 10 of the Dungeon
 11838 | D:10     | Noticed a two-headed ogre
 11843 | D:10     | Killed a two-headed ogre
 11844 | D:10     | Reached skill level 10 in Stealth
 12157 | D:11     | Noticed a two-headed ogre
 12163 | D:11     | Killed a two-headed ogre
 12171 | D:11     | Reached **** piety under Wu Jian
 12491 | D:11     | You fall into a shaft and drop 1 floor!
 12492 | D:12     | Noticed a skeletal warrior
 12537 | D:12     | Found a runed translucent gate.
 12537 | D:12     | Found a runed translucent gate.
 12537 | D:12     | Found a runed translucent gate.
 12541 | D:12     | Noticed Winter's ghost (journeyman MDFi)
 12541 | D:12     | Noticed a tengu warrior
 12573 | D:12     | Noticed a tengu reaver
 12987 | D:11     | Found a staircase to the Orcish Mines.
 13386 | Lair:1   | Entered Level 1 of the Lair of Beasts
 13517 | Lair:1   | Reached skill level 10 in Hexes
 13542 | Lair:1   | Reached XP level 12. HP: 71/92 MP: 16/21
 13930 | Lair:1   | Noticed Fannar
 13960 | Lair:1   | Killed Fannar
 14386 | Lair:2   | Noticed a six-headed hydra
 15125 | Lair:2   | Killed a six-headed hydra
 15192 | Lair:2   | Reached ***** piety under Wu Jian
 15414 | Lair:2   | Noticed a six-headed hydra
 15444 | Lair:2   | Killed a six-headed hydra
 15674 | Lair:2   | Found a hole to the Spider Nest.
 16123 | Lair:3   | Identified the +0 chain mail of Fawur {rC- rN++}
 16300 | Lair:3   | Reached XP level 13. HP: 101/101 MP: 23/23
 16730 | Lair:3   | Reached skill level 10 in Fighting
 16746 | Lair:3   | Reached skill level 10 in Long Blades
 17010 | Lair:3   | Found a staircase to the Swamp.
 18187 | Lair:5   | Entered Level 5 of the Lair of Beasts
 18541 | Lair:5   | Noticed Kirke
 18572 | Lair:5   | Noticed Urug
 18584 | Lair:5   | Killed Kirke
 18604 | Lair:5   | Killed Urug
 19427 | Lair:5   | Found a staircase to the Slime Pits.
 19428 | Lair:5   | Found a viscous altar of Jiyva.
 19463 | Lair:5   | Reached XP level 14. HP: 110/110 MP: 21/24
 20440 | Lair:5   | Found a corrupted altar of Lugonu.
 20440 | Lair:5   | Found a one-way gate to the infinite horrors of the Abyss.
 20769 | Orc:1    | Entered Level 1 of the Orcish Mines
 20773 | Orc:1    | Found a frozen archway.
 20795 | Orc:1    | Reached ****** piety under Wu Jian
 20832 | IceCv    | Entered an ice cave
 22367 | IceCv    | Noticed a frost giant
 22417 | IceCv    | Reached skill level 5 in Shields
 22417 | IceCv    | Reached skill level 5 in Evocations
 22685 | IceCv    | Killed a frost giant
 22852 | IceCv    | Identified the +7 scale mail of Laeluk {SInv}
 23504 | Orc:2    | Entered Level 2 of the Orcish Mines
 24005 | Orc:2    | Found a staircase to the Elven Halls.
 25427 | Orc:2    | Found Cuned's Magic Scroll Shop.
 25427 | Orc:2    | Found Kotel's Weapon Shop.
 25430 | Orc:2    | Found Doeskam's Weapon Boutique.
 25430 | Orc:2    | Found Caghan's Distillery.
 25533 | Orc:2    | Bought a scroll of enchant weapon for 82 gold pieces
 25533 | Orc:2    | Bought a scroll of teleportation for 33 gold pieces
 25533 | Orc:2    | Bought a scroll of teleportation for 33 gold pieces
 25535 | Orc:2    | Bought a potion of curing for 36 gold pieces
 25535 | Orc:2    | Bought 2 potions of heal wounds for 120 gold pieces
 25759 | D:7      | Bought a manual of Evocations for 1280 gold pieces
 26237 | D:12     | HP: 3/113 [skeletal warrior/+0 battleaxe (7)]
 26768 | D:12     | Reached XP level 15. HP: 119/119 MP: 26/26
 26774 | D:12     | Learned a level 5 spell: Summon Mana Viper
 28737 | D:13     | Noticed Rupert
 28751 | D:13     | Mangled by Rupert

Illustrated notes

Levels and vault maps discovered:
D:1:      elethiomel_arrival_diamonds, layout_loops_cross
D:2:      layout_loops_ring, uniq_crazy_yiuf_cottage
D:3:      layout_rooms, uniq_natasha, uniq_robin
D:4:      layout_loops_ring, okawaru_altar_gauntlet_db,
          nicolae_underground_beach
D:5:      layout_basic, mainiacjoe_overflow_divided_tiny
D:6:      layout_cave_pools, mainiacjoe_overflow_catwalk,
          minmay_temple_entry_statues,
          mainiacjoe_sewer_entry_somewhere_in_here_2, uniq_maggie, uniq_edmund,
          uniq_sigmund
D:7:      wad_crossroads, layout_basic, lemuel_doored_altar, enter_bailey_3,
          nicolae_shop_vocational, uniq_duvessa
D:8:      layout_loops_ring, grunt_gozag_statues, serial_shops, shop, uniq_pikel
D:9:      layout_cave_pods, nicolae_overflow_two_pavilions,
          erik_lair_orcish_takeover, kennysheep_decorative_pillar
D:10:     layout_basic
D:11:     layout_basic, erik_orc_1
D:12:     layout_grid_maze, gammafunk_ghost_split
D:13:     dreamdust_labyrinth, layout_loops_ring, uniq_rupert, uniq_lodul
Temple:   eino_temple_lava
Lair:1:   layout_chaotic_city, st_stairs_8, nicolae_quartered_pool_super,
          grunt_megastairs_5, lemuel_fruit_fields, serial_bayou_shore_a,
          uniq_fannar
Lair:2:   layout_big_grid, nicolae_spider_entry_orb_guardian,
          grunt_megastairs_4, lemuel_fruit_tree
Lair:3:   layout_chaotic_city, minmay_swamp_entry_worms
Lair:4:   layout_misc_corridors, wad_woods_road_01
Lair:5:   hellmonk_lair_end_abyssal_woods, layout_loops_ring, slime_entry_1,
          chequers_serial_rivers_micro_d, infiniplex_staircase_pool, uniq_kirke,
          uniq_urug
Orc:1:    layout_caves, portal_ice_cave_entry_pillars_2
Orc:2:    st_orc_mages, layout_diamond_mine, nicolae_orc_crystal_geode

Skill      XL: |  1  2  3  4  5  6  7  8  9 10 11 12 13 14 15 |
---------------+----------------------------------------------+-----
Fighting       | 1 2 3 4 5 6 8 9 10 11 | 11.4
Short Blades   | 2 3 4 5 |  5.4
Long Blades    | 1 2 3 4 5 7 9 13 | 13.6
Stealth        | 5 6 7 8 9 10 12 13 | 13.6
Shields        | 1 2 3 4 5 |  5.6
Hexes          | 5 6 7 8 10 11 12 13 | 13.3
Dodging        | 3 4 5 6 7 |  7.8
Spellcasting   | 3 4 5 6 7 8 |  8.0
Evocations     | 1 2 3 4 5 |  5.8
Armour         | 1 2 4 |  4.0
Translocations | 1 2 3 4 |  4.0

Action                     |  1- 3 |  4- 6 |  7- 9 | 10-12 | 13-15 || total
---------------------------+-------+-------+-------+-------+-------++-------
  Melee: Dagger            |   146 |   136 |   273 |   455 |   748 ||  1758
         Bite              |     7 |     5 |    32 |    53 |   115 ||   212
         Scimitar          |       |       |       |    37 |    67 ||   104
  Throw: Dart              |       |       |       |     2 |     8 ||    10
   Cast: Ensorcelled Hiber |    10 |    37 |    43 |   168 |   239 ||   497
         Confusing Touch   |       |     1 |     2 |     6 |    41 ||    50
         Tukima's Dance    |       |       |     5 |       |    15 ||    20
         Dazzling Flash    |       |       |     4 |    19 |    53 ||    76
         Summon Mana Viper |       |       |       |       |     1 ||     1
Ability: Lunge             |       |       |    16 |    72 |    80 ||   168
         Whirlwind         |       |       |     3 |    22 |    16 ||    41
  Evoke: Wand              |       |       |     3 |     1 |       ||     4
    Use: Scroll            |     2 |     6 |     5 |    13 |     5 ||    31
         Potion            |       |       |       |       |     4 ||     4
   Stab: Sleeping          |    18 |    33 |    28 |   141 |   157 ||   377
         Confused          |       |       |     1 |     4 |    37 ||    42
         Paralysed         |       |       |     1 |       |       ||     1
         Invisible         |       |       |     2 |    10 |    50 ||    62
         Distracted        |       |       |     1 |       |     2 ||     3
 Armour: Robe              |    68 |    59 |   134 |   242 |   254 ||   757
         Skin              |       |       |       |       |     1 ||     1
         Leather armour    |       |       |       |       |   139 ||   139
  Dodge: Dodged            |    63 |    65 |   137 |   206 |   425 ||   896
  Block: Buckler           |    25 |    20 |    65 |    76 |   156 ||   342

Table legend: (Time is in decaauts)
 A = Elapsed time spent in this place.
 B = Non-inter-level travel time spent in this place.
 C = Inter-level travel time spent in this place.
 D = Time resting spent in this place.
 E = Time spent auto-exploring this place.
 F = Levels seen in this place.
 G = Mean time per level.
                   A        B        C        D        E       F      G
               +--------+--------+--------+--------+--------+-----+--------+
         Total |  28402 |  26568 |   1834 |   4119 |  17093 |  24 | 1183.4 |
       Dungeon |  15462 |  14146 |   1316 |    634 |  11001 |  13 | 1189.4 |
        Temple |     18 |      1 |     17 |      0 |      0 |   1 |   18.0 |
          Lair |   7163 |   6847 |    316 |   1630 |   3765 |   5 | 1432.6 |
  Orcish Mines |   2495 |   2311 |    184 |    692 |   1006 |   2 | 1247.5 |
         Sewer |    779 |    779 |      0 |      0 |    538 |   1 |  779.0 |
        Bailey |    491 |    491 |      0 |    136 |    159 |   1 |  491.0 |
      Ice Cave |   1990 |   1990 |      0 |   1026 |    622 |   1 | 1990.0 |
               +--------+--------+--------+--------+--------+-----+--------+

Top non-repeatable levels by time:
    D:12: 2724 daAuts
  Lair:5: 2198 daAuts
   Orc:2: 2023 daAuts
   IceCv: 1990 daAuts
    D:11: 1711 daAuts
  Lair:2: 1700 daAuts
     D:2: 1556 daAuts
     D:5: 1509 daAuts
     D:9: 1365 daAuts
  Lair:3: 1258 daAuts
     D:7: 1144 daAuts
     D:3: 1140 daAuts
  Lair:1: 1072 daAuts
     D:4: 953 daAuts
  Lair:4: 934 daAuts
